 Dungeon Crawl Stone Soup version 0.21-a0-529-g8c7b3f5 (webtiles) character file.

53172 kae the Brawler (level 14, -16/144 HPs)
             Began as a Troll Monk on Dec 9, 2017.
             Was the Champion of Wu Jian.
             Killed from afar by Frances (39 damage)
             ... with a shard of ice
             ... on level 12 of the Dungeon.
             The game lasted 00:32:45 (17229 turns).

kae the Brawler (Troll Monk)                       Turns: 17229, Time: 00:32:46

Health: -16/144    AC:  9    Str: 22    XL:     14   Next: 29%
Magic:  17/17      EV: 16    Int:  7    God:    Wu Jian [******]
Gold:   1242       SH:  0    Dex: 15    Spells: 13/13 levels left

rFire    + + .     SeeInvis +     - Unarmed
rCold    . . .     Gourm    +   (no shield)
rNeg     + . .     Faith    .   a - +1 robe
rPois    .         Spirit   .   (helmet restricted)
rElec    +         Reflect  .   I - +2 cloak
rCorr    .         Harm     .   (gloves unavailable)
MR       ++...                  (boots unavailable)
Stlth    +.........             N - amulet of regeneration
HPRegen  1.14/turn              T - ring of Abop Fau {*Contam rElec rF++ rN+ MR+}
MPRegen  0.15/turn              C - ring of see invisible

@: drained, serpent's lash
A: large, unfitting armour, claws 3, fast metabolism 3, gourmand, regeneration
1, shaggy fur 1, tough skin 2
a: Serpent's Lash, Heavenly Storm, Renounce Religion


You were on level 12 of the Dungeon.
You worshipped Wu Jian.
Wu Jian was exalted by your worship.
You were very full.

You visited 3 branches of the dungeon, and saw 19 of its levels.
You also visited: Labyrinth.

You collected 1242 gold pieces.

Inventory:

Armour
 a - a +1 robe (worn)
 I - a +2 cloak (worn)
Jewellery
 q - an uncursed ring of flight
 u - a +3 ring of intelligence
 x - the ring of Day {rF+ Int+4}
   (You acquired it on level 8 of the Dungeon)

   [ring of intelligence]

   It affects your intelligence (+4).
   It protects you from fire.
 C - a ring of see invisible (right claw)
 F - an uncursed ring of magical power
 G - an uncursed ring of fire
 M - an uncursed ring of stealth
 N - an amulet of regeneration (around neck)
 T - the ring of Abop Fau (left claw) {*Contam rElec rF++ rN+ MR+}
   (You found it in a labyrinth)

   [ring of positive energy]

   It greatly protects you from fire.
   It insulates you from electricity.
   It protects you from negative energy.
   It affects your resistance to hostile enchantments.
   It causes magical contamination when unequipped.
 U - the ring of Duusohawn {*Tele rF+ Str+4 Int-2 Dex+2}
   (You found it in a labyrinth)

   [ring of teleportation]

   It may teleport you next to monsters.
   It affects your strength (+4).
   It affects your intelligence (-2).
   It affects your dexterity (+2).
   It protects you from fire.
 X - an uncursed amulet of rage
Wands
 i - a wand of enslavement (5)
 l - a wand of disintegration (3)
 H - a wand of paralysis (14)
 Q - a wand of digging (6)
 R - a wand of polymorph (17)
 S - a wand of random effects (38)
 V - a wand of clouds (10)
 Z - a wand of iceblast (11)
Scrolls
 d - 7 scrolls of remove curse
 h - a scroll of fog
 v - 2 scrolls of enchant weapon
 w - 6 scrolls of teleportation
 B - 3 scrolls of enchant armour
 D - 5 scrolls of fear
 E - 2 scrolls of magic mapping
 O - 3 scrolls of identify
Potions
 c - 4 potions of might
 e - 2 potions of curing
 g - a potion of heal wounds
 j - 4 potions of haste
 k - 3 potions of flight
 s - a potion of magic
 t - 2 potions of ambrosia
 z - a potion of brilliance
 J - a potion of berserk rage
 L - 2 potions of resistance
 P - 3 potions of agility
Books
 m - a book of Conjurations

   Spells                             Type                      Level
   a - Magic Dart                     Conjuration                  1
   b - Searing Ray                    Conjuration                  2
   c - Dazzling Spray                 Conjuration/Hexes            3
   d - Fulminant Prism                Conjuration/Hexes            4
   e - Force Lance                    Conjuration/Translocation    4
   f - Iskenderun's Mystic Blast      Conjuration                  4
 n - a book of Battle

   Spells                             Type                      Level
   a - Infusion                       Charms                       1
   b - Shroud of Golubria             Charms/Translocation         2
   c - Song of Slaying                Charms                       2
   d - Spectral Weapon                Hexes/Charms                 3
   e - Regeneration                   Charms/Necromancy            3
 p - a book of Maledictions

   Spells                             Type                      Level
   a - Corona                         Hexes                        1
   b - Ensorcelled Hibernation        Hexes/Ice                    2
   c - Confuse                        Hexes                        3
   d - Tukima's Dance                 Hexes                        3
   e - Dazzling Spray                 Conjuration/Hexes            3
 r - a book of Cantrips

   Spells                             Type                      Level
   a - Confusing Touch                Hexes                        1
   b - Animate Skeleton               Necromancy                   1
   c - Summon Small Mammal            Summoning                    1
   d - Apportation                    Translocation                1
 y - a book of Misfortune

   Spells                             Type                      Level
   a - Confusing Touch                Hexes                        1
   b - Confuse                        Hexes                        3
   c - Gell's Gravitas                Translocation                3
   d - Petrify                        Transmutation/Earth          4
   e - Metabolic Englaciation         Hexes/Ice                    5
   f - Yara's Violent Unravelling     Hexes/Transmutation          5
 K - a book of Frost

   Spells                             Type                      Level
   a - Freeze                         Ice                          1
   b - Throw Frost                    Conjuration/Ice              2
   c - Ozocubu's Armour               Charms/Ice                   3
   d - Throw Icicle                   Conjuration/Ice              4
   e - Summon Ice Beast               Ice/Summoning                4
 W - a book of Party Tricks

   Spells                             Type                      Level
   a - Summon Butterflies             Summoning                    1
   b - Apportation                    Translocation                1
   c - Lesser Beckoning               Translocation                3
   d - Tukima's Dance                 Hexes                        3
   e - Alistair's Intoxication        Transmutation/Poison         5
   f - Invisibility                   Hexes                        6
Comestibles
 b - 14 bread rations
 f - 23 fruits
 o - 14 royal jellies
 A - 9 meat rations
 Y - 2 chunks of flesh


   Skills:
 + Level 10.6(9.6) Fighting
 + Level 10.6(9.6) Dodging
 - Level 1.0(0.2) Stealth
 * Level 16.5(15.3) Unarmed Combat
 + Level 5.7(4.8) Evocations


You had 13 spell levels left.
You didn't know any spells.

Dungeon Overview and Level Annotations

Branches:
Dungeon (12/15)            Temple (1/1) D:7            Lair (6/6) D:11
  Swamp (0/4) Lair:3       Spider (0/4) Lair:4        Slime (0/5) Lair:5
    Orc (0/2) D:9

Altars:
Ashenzari
Cheibriados
Dithmenos
Elyvilon
Fedhas
Gozag
Hepliaklqana
Kikubaaqudgha
Makhleb
Nemelex Xobeh
Okawaru
Qazlal
Ru
Sif Muna
Trog
Uskayaw
Vehumet
Wu Jian
Xom
Yredelemnul
Zin
The Shining One
Jiyva
Lugonu

Annotations:
D:5 1 runed door
D:12 Frances
Lair:2 exclusion: oklob plant
Lair:3 exclusion: hydra, Gastronok
Lair:6 exclusions: 2 doors and oklob plant


Innate Abilities, Weirdness & Mutations

You are too large for most types of armour.
You have claws for hands.
Your metabolism is lightning-fast.
You like to eat raw meat.
Your natural rate of healing is unusually fast.
You are covered in fur. (AC +1)
You have very tough skin. (AC +2)


Message History

* * * LOW HITPOINT WARNING * * *
You are engulfed in flames.
You resist.
* * * LOW HITPOINT WARNING * * *
Your muscles tense, ready for explosive movement...
You spin and attack Frances, with incredible momentum.
You claw Frances!
Frances is severely wounded.
You spin and attack the sun demon, with incredible momentum.
You scratch the sun demon.
The sun demon is almost dead.
Zoom!
Unknown command.
You claw Frances!
Frances is severely wounded.
Frances misses you.
The sun demon hits you but does no damage.
You feel much better.
Frances mutters in a terrible tongue.
The shard of ice hits you!
You die...

##### #.. ...# #..#
###.#### #..# #......#
#..# #...ยง3.#
#..####### #...@@.#
#........## # ###.####
#.......... ...
#.#######........##
#..##.......#..#....##
#..............#.####
#.####.##.#.##.#.#
#.......##.#.##.#.#
#######.##.#.##.#..
.....#.##.#.#


You could see Frances (pinned) and a sun demon (pinned).

Vanquished Creatures
  A dire elephant (Lair:6)
  The ghost of Vojta the Unseen, a journeyman SpAs of Okawaru (Lair:6)
  The ghost of p0werm0de the Covert, a journeyman OpEn of Uskayaw (Lair:6)
  The ghost of tof the Carver, a journeyman GrMo of Okawaru (Lair:3)
  The ghost of Scuka the Fencer, a journeyman BaBe of Trog (D:12)
  A minotaur (Lab)
  Josephine (Lair:4)
  Erolcha (D:12)
  7 hydras
  2 anacondas (Lair:6)
  4 two-headed ogres
  The ghost of theanonym the Shield-Bearer, a novice GnFi of Gozag (D:7)
  An unseen horror (D:12)
  An ugly thing (D:12)
  A harpy (shapeshifter) (D:10)
  A cyclops (D:11)
  9 elephants (Lair:6)
  Maurice (D:11)
  6 black mambas
  A gargoyle (D:11)
  9 spiny frogs
  The ghost of Gorice the Twirler, a novice DsWn (D:6)
  3 rime drakes
  A kobold demonologist (D:10)
  7 komodo dragons
  A queen bee (Lair:3)
  A minotaur zombie (Lab)
  A merfolk (D:11)
  2 hornets
  17 blink frogs
  8 hippogriffs
  A shadow (D:12)
  25 yaks
  A wyvern (D:9)
  3 hungry ghosts
  7 wraiths
  A steam dragon (D:12)
  3 basilisks
  Edmund (D:5)
  7 porcupines
  17 water moccasins
  A phantom (D:7)
  2 ice beasts
  8 orc warriors
  A sky beast (D:9)
  3 black bears
  A necrophage (D:10)
  4 ogres
  5 wolves (Lair:6)
  8 centaurs
  10 crocodiles
  The ghost of tof the Skirmisher, an amateur GrMo (D:3)
  18 bullfrogs
  7 scorpions
  A wyvern skeleton (D:7)
  A water moccasin skeleton (D:5)
  4 jellies
  36 killer bees
  An electric eel (Lair:2)
  10 wights
  4 howler monkeys
  A lava snake (D:11)
  7 crimson imps
  A bullfrog skeleton (D:12)
  3 centaur zombies
  5 hounds
  12 orc wizards
  5 centaur skeletons
  2 orc priests
  Jessica (D:3)
  2 iguanas (Lair:3)
  13 worker ants
  A hound zombie (D:5)
  A hound skeleton (D:5)
  6 worker ant zombies
  2 howler monkey zombies (D:5)
  A gnoll (D:4)
  8 adders
  3 shadow imps
  2 adder zombies
  3 adder skeletons
  6 worms
  4 dart slugs
  7 leopard geckos
  56 orcs
  2 ball pythons
  4 bats
  6 giant cockroaches
  7 goblins
  12 hobgoblins
  13 jackals
  2 quokkas
  A ball python zombie (D:5)
  8 frilled lizards
  3 jackal skeletons
  7 kobolds
  A leopard gecko skeleton (D:7)
  2 leopard gecko zombies (D:5)
  7 rats
  3 plants (Lair:6)
516 creatures vanquished.

Vanquished Creatures (collateral kills)
  A hell beast (D:11)
  An iron imp (D:11)
2 creatures vanquished.

Vanquished Creatures (others)
  A hell beast (D:11)
  An orange demon (D:11)
  2 iron imps (D:11)
  17 fungi
  7 plants (Lair:6)
28 creatures vanquished.

Grand Total: 546 creatures vanquished

Notes
Turn   | Place    | Note
-------+----------+-------------------------------------------
     0 | D:1      | kae the Troll Monk began the quest for the Orb.
     0 | D:1      | Reached XP level 1. HP: 22/22 MP: 0/0
    94 | D:1      | Reached XP level 2. HP: 29/29 MP: 1/1
   393 | D:1      | Reached XP level 3. HP: 36/36 MP: 2/2
  1100 | D:2      | Reached skill level 4 in Unarmed Combat
  1140 | D:2      | Reached XP level 4. HP: 43/44 MP: 3/3
  1466 | D:2      | Found a stormy altar of Qazlal.
  1628 | D:3      | Noticed Jessica
  1645 | D:3      | Killed Jessica
  1645 | D:3      | Reached XP level 5. HP: 53/53 MP: 4/4
  1737 | D:3      | Noticed tof's ghost (amateur GrMo)
  1743 | D:3      | Killed tof's ghost
  1743 | D:3      | Reached skill level 5 in Unarmed Combat
  2040 | D:4      | Reached XP level 6. HP: 50/61 MP: 5/5
  2267 | D:4      | Found an iron altar of Okawaru.
  2693 | D:5      | Entered Level 5 of the Dungeon
  2862 | D:4      | Reached skill level 6 in Unarmed Combat
  2862 | D:4      | Reached XP level 7. HP: 48/68 MP: 6/6
  3100 | D:5      | Noticed Edmund
  3274 | D:5      | Found a runed door.
  3358 | D:5      | Killed Edmund
  3358 | D:5      | Reached skill level 7 in Unarmed Combat
  3425 | D:5      | Found a white marble altar of Elyvilon.
  3425 | D:5      | Noticed an angel
  3431 | D:5      | Reached XP level 8. HP: 78/79 MP: 7/7
  3692 | D:6      | Noticed Gorice's ghost (novice DsWn)
  3956 | D:6      | Killed Gorice's ghost
  3956 | D:6      | Reached skill level 5 in Fighting
  3956 | D:6      | Reached skill level 5 in Dodging
  3956 | D:6      | Reached skill level 8 in Unarmed Combat
  4645 | D:7      | Reached XP level 9. HP: 81/88 MP: 8/8
  4695 | D:7      | Noticed theanonym's ghost (novice GnFi)
  4709 | D:7      | Reached skill level 9 in Unarmed Combat
  4729 | D:7      | Killed theanonym's ghost
  4792 | D:7      | Found a staircase to the Ecumenical Temple.
  4798 | Temple   | Entered the Ecumenical Temple
  4892 | Temple   | Became a worshipper of the Wu Jian Council
  4892 | Temple   | Reached * piety under Wu Jian
  4892 | Temple   | Reached ** piety under Wu Jian
  5097 | D:7      | Reached skill level 10 in Unarmed Combat
  5240 | D:7      | Found an ancient bone altar of Kikubaaqudgha.
  5575 | D:8      | Identified a scroll of acquirement
  5576 | D:8      | Got a glittering bronze ring
  5577 | D:8      | Identified the ring of Day {rF+ Int+4} (You acquired it on level 8 of the Dungeon)
  5810 | D:8      | Reached XP level 10. HP: 33/100 MP: 9/9
  6167 | D:8      | Reached *** piety under Wu Jian
  6413 | D:8      | Reached skill level 11 in Unarmed Combat
  6584 | D:8      | Found Poiker's Armour Shoppe.
  6907 | D:9      | Noticed a two-headed ogre
  6913 | D:9      | Killed a two-headed ogre
  7051 | D:9      | Found a staircase to the Orcish Mines.
  7354 | D:9      | Found a shimmering altar of Xom.
  7396 | D:10     | Entered Level 10 of the Dungeon
  7622 | D:10     | Reached skill level 12 in Unarmed Combat
  7625 | D:10     | Reached **** piety under Wu Jian
  7777 | D:10     | Noticed a two-headed ogre
  7788 | D:10     | Killed a two-headed ogre
  7788 | D:10     | Reached XP level 11. HP: 50/109 MP: 10/10
  8476 | D:10     | Noticed a harpy
  8484 | D:10     | Killed a harpy
  8563 | D:10     | Noticed a two-headed ogre
  8573 | D:10     | Killed a two-headed ogre
  8741 | D:11     | Found a white marble altar of Elyvilon.
  8772 | D:11     | Reached skill level 13 in Unarmed Combat
  8868 | D:11     | Found a corrupted altar of Lugonu.
  8868 | D:11     | Noticed a hell beast
  8870 | D:11     | Noticed a hell beast
  9160 | D:11     | Noticed Maurice
  9166 | D:11     | Noticed a two-headed ogre
  9199 | D:11     | Killed a two-headed ogre
  9268 | D:11     | Killed Maurice
  9433 | D:11     | Found a staircase to the Lair.
  9500 | D:11     | Killed a hell beast
  9569 | Lair:1   | Entered Level 1 of the Lair of Beasts
  9627 | Lair:1   | Noticed a six-headed hydra
 10218 | Lair:1   | Noticed a five-headed hydra
 10365 | Lair:1   | Reached XP level 12. HP: 122/122 MP: 11/11
 10471 | Lair:1   | Killed a five-headed hydra
 10471 | Lair:1   | Reached skill level 1 in Evocations
 10636 | Lair:1   | Killed an eight-headed hydra
 10751 | Lair:2   | Reached skill level 14 in Unarmed Combat
 11345 | Lair:2   | Reached ***** piety under Wu Jian
 11986 | Lair:3   | Found a staircase to the Swamp.
 12017 | Lair:3   | Noticed an eight-headed hydra
 12211 | Lair:3   | Noticed Gastronok
 12357 | Lair:3   | Noticed tof's ghost (journeyman GrMo)
 12402 | Lair:3   | Killed tof's ghost
 12987 | Lair:4   | Found a hole to the Spider Nest.
 13220 | Lair:4   | Reached XP level 13. HP: 131/131 MP: 14/14
 13455 | Lair:4   | Noticed Josephine
 13460 | Lair:4   | Killed Josephine
 13460 | Lair:4   | Reached skill level 15 in Unarmed Combat
 13721 | Lair:5   | Found a labyrinth entrance.
 13894 | Lab      | Entered a labyrinth
 14037 | Lab      | Noticed a minotaur
 14045 | Lab      | Killed a minotaur
 14051 | Lab      | Got a scintillating lapis lazuli ring
 14051 | Lab      | Got a heavily runed platinum ring
 14096 | Lair:5   | Identified the ring of Abop Fau {*Contam rElec rF++ rN+ MR+} (You found it in a labyrinth)
 14097 | Lair:5   | Identified the ring of Duusohawn {*Tele rF+ Str+4 Int-2 Dex+2} (You found it in a labyrinth)
 14111 | Lair:5   | Found a viscous altar of Jiyva.
 14111 | Lair:5   | Found a staircase to the Slime Pits.
 14635 | Lair:5   | Reached skill level 10 in Dodging
 14685 | Lair:5   | Reached skill level 10 in Fighting
 14866 | Lair:6   | Entered Level 6 of the Lair of Beasts
 14881 | Lair:6   | Noticed p0werm0de's ghost (journeyman OpEn)
 14907 | Lair:6   | Killed p0werm0de's ghost
 14989 | Lair:6   | Noticed Vojta's ghost (journeyman SpAs)
 15013 | Lair:6   | Killed Vojta's ghost
 15630 | Lair:6   | Reached skill level 5 in Evocations
 15654 | Lair:6   | Reached ****** piety under Wu Jian
 15654 | Lair:6   | Reached skill level 16 in Unarmed Combat
 16345 | Lair:6   | Reached XP level 14. HP: 88/144 MP: 16/16
 16879 | D:12     | Noticed Erolcha
 16885 | D:12     | Killed Erolcha
 17039 | D:12     | Noticed Scuka's ghost (journeyman BaBe)
 17045 | D:12     | Killed Scuka's ghost
 17219 | D:12     | Noticed Frances
 17227 | D:12     | HP: 6/144 [sun demon[Frances] (5)]
 17229 | D:12     | Killed from afar by Frances

Vault maps used:
D:1:      co_arrival_square_in_a_square_in_a_square
D:2:      grunt_ministairs_6, minmay_misc_feat_pillars,
          nicolae_qazlal_eye_of_the_storm
D:3:      cheibrodos_helix_gallery, uniq_jessica
D:4:      first_bread, okawaru_altar_gauntlet_db
D:5:      serial_undead, serial_undead_e, serial_undead_f, serial_undead_e,
          serial_undead_c, serial_undead_d, serial_undead_e, lemuel_angel_altar,
          uniq_edmund
D:7:      old_standard_altar, minmay_temple_entry_trees
D:8:      serial_shops, nicolae_shop_stone
D:9:      david_orc_1_choice, basic_altar
D:10:     cheibrodos_elevator_heist
D:11:     grunt_lair_entry_orc_guard_hut, basic_altar, hangedman_fish_farm,
          lemuel_hellish_altar, uniq_maurice
D:12:     uniq_frances, uniq_erolcha
Temple:   kilobyte_greek_temple
Lair:1:   st_stairs_5, columned_hall_lemuel, infiniplex_staircase_pool,
          lemuel_fruit_tree
Lair:2:   minmay_lair_oklob_bushes, serial_bayou_shore_a
Lair:3:   minmay_swamp_entry_reptiles, special_room, uniq_gastronok
Lair:4:   nicolae_spider_entry_non_spiders, infiniplex_staircase_pool_2,
          uniq_josephine
Lair:5:   slime_altar_1, lab_entry_generic
Lair:6:   due_jungle_book, nicolae_quartered_pool_little,
          grunt_forest_stairs_basic, minmay_lair_oklob_chamber
Lab:      labyrinth_hidden_loot, nicolae_lab_big_swirl, nicolae_lab_plus,
          nicolae_lab_very_dead_end, nicolae_lab_grate_2, labyrinth_lava_lair,
          labyrinth_glass_1, labyrinth_skeletal_remains, nicolae_lab_statue

Skill      XL: |  1  2  3  4  5  6  7  8  9 10 11 12 13 |
---------------+----------------------------------------+-----
Unarmed Combat | 4 5 6 7 8 10 12 13 14 16 | 16.5
Dodging        | 3 4 5 6 7 8 9 10 | 10.6
Fighting       | 3 4 5 6 7 8 9 10 | 10.6
Evocations     | 3 5 |  5.7
Stealth        | |  1.0

Action                   |  1- 3 |  4- 6 |  7- 9 | 10-12 | 13-15 || total
-------------------------+-------+-------+-------+-------+-------++-------
Melee: Unarmed           |    92 |   164 |   326 |   711 |   501 ||  1794
       Punch             |     1 |     4 |    18 |    42 |    45 ||   110
Invok: Serpent's Lash    |       |       |       |     4 |     3 ||     7
Evoke: Wand              |       |       |       |    13 |    18 ||    31
  Use: Scroll            |     4 |     7 |     7 |    13 |     5 ||    36
       Potion            |       |     1 |     2 |     1 |     3 ||     7
 Stab: Sleeping          |     5 |     1 |     3 |     4 |       ||    13
  Eat: Chunk             |    13 |    18 |    27 |    74 |    29 ||   161
       Bread ration      |       |       |       |       |     2 ||     2
Armor: Robe              |    29 |    55 |    85 |    94 |    93 ||   356
Dodge: Dodged            |    50 |   118 |   166 |   383 |   259 ||   976

Table legend:
 A = Spawn XP
 B = Non-spawn XP
 C = Spawn XP percentage of total XP
 D = Spawn monster count
 E = Non-spawn monster count
 F = Spawn count percentage of total count
 G = Total turns spent on level
                    A         B        C        D         E        F      G
               +---------+---------+-------+---------+---------+-------+---------
         Total |       0 |   75960 |   0.0 |       0 |     515 |   0.0 | 17229
               +---------+---------+-------+---------+---------+-------+---------
           D:1 |       0 |      54 |   0.0 |       0 |      27 |   0.0 |  1062
           D:2 |       0 |      68 |   0.0 |       0 |      22 |   0.0 |   467
           D:3 |       0 |     213 |   0.0 |       0 |      23 |   0.0 |   497
           D:4 |       0 |     470 |   0.0 |       0 |      24 |   0.0 |   951
           D:5 |       0 |     659 |   0.0 |       0 |      30 |   0.0 |   612
           D:6 |       0 |    1225 |   0.0 |       0 |      31 |   0.0 |   997
           D:7 |       0 |    2098 |   0.0 |       0 |      28 |   0.0 |   859
           D:8 |       0 |    1947 |   0.0 |       0 |      32 |   0.0 |  1224
           D:9 |       0 |    2802 |   0.0 |       0 |      26 |   0.0 |   598
          D:10 |       0 |    4597 |   0.0 |       0 |      31 |   0.0 |  1097
          D:11 |       0 |    5762 |   0.0 |       0 |      34 |   0.0 |  1097
          D:12 |       0 |    7031 |   0.0 |       0 |      33 |   0.0 |   429
        Lair:1 |       0 |    3982 |   0.0 |       0 |      10 |   0.0 |  1136
        Lair:2 |       0 |    2681 |   0.0 |       0 |      12 |   0.0 |  1078
        Lair:3 |       0 |    7572 |   0.0 |       0 |      43 |   0.0 |  1247
        Lair:4 |       0 |    7454 |   0.0 |       0 |      36 |   0.0 |   740
        Lair:5 |       0 |    8320 |   0.0 |       0 |      26 |   0.0 |  1101
        Lair:6 |       0 |   17672 |   0.0 |       0 |      45 |   0.0 |  1712
           Lab |       0 |    1353 |   0.0 |       0 |       2 |   0.0 |   196
               +---------+---------+-------+---------+---------+-------+---------
